 Dungeon Crawl Stone Soup version 0.21.1-1-g345015f (webtiles) character file.

30527 Fang the Severer (level 13, -11/84 HPs)
             Began as a Gargoyle Berserker on July 28, 2018.
             Was a High Priest of Trog.
             Mangled by a meliai
             ... wielding a +0 hand axe
              (14 damage)
             ... on level 4 of the Lair of Beasts on July 30, 2018.
             The game lasted 00:24:54 (16535 turns).

Fang the Severer (Gargoyle Berserker)              Turns: 16535, Time: 00:24:55

Health: -11/84     AC: 21    Str: 28    XL:     13   Next: 52%
Magic:  13/13      EV: 14    Int: 10    God:    Trog [*****.]
Gold:   539        SH:  0    Dex:  9    Spells: 12/12 levels left

rFire    . . .     SeeInvis +   K - +3 battleaxe "Teqite Xaga" {freeze, Str+4}
rCold    + . .     Gourm    .   (shield currently unavailable)
rNeg     + . .     Faith    .   E - +1 robe {rC+}
rPois    ∞         Spirit   .   O - +1 hat
rElec    +         Reflect  .   d - +2 cloak
rCorr    .         Harm     .   b - +1 pair of gloves
MR       .....                  i - +0 pair of boots {Stlth+}
Stlth    ++++......             r - amulet of magic regeneration
HPRegen  0.24/turn              I - ring of stealth
MPRegen  0.38/turn              H - ring of see invisible

@: berserk cooldown, slowed, very slow
A: negative energy resistance 1, electricity resistance, unbreathing,
petrification resistance, rot immunity, AC +9
a: Berserk, Trog's Hand, Brothers in Arms, Burn Spellbooks, Renounce Religion


You were on level 4 of the Lair of Beasts.
You worshipped Trog.
Trog was extremely pleased with you.
You were near starving.

You visited 3 branches of the dungeon, and saw 16 of its levels.

You collected 1154 gold pieces.
You spent 615 gold pieces at shops.

Inventory:

Hand Weapons
 a - a +1 hand axe
 v - a +5 war axe of flaming
 w - the +8 mithril axe "Arga" {speed, MR+}
   (Trog gifted it to you on level 9 of the Dungeon)

   Attacks with this weapon are significantly faster.
   It affects your resistance to hostile enchantments.
 C - a +3 battleaxe of freezing
 K - the +3 battleaxe "Teqite Xaga" (weapon) {freeze, Str+4}
   (Trog gifted it to you on level 3 of the Lair of Beasts)

   It has been specially enchanted to freeze those struck by it, causing extra
   injury to most foes and up to half again as much damage against particularly
   susceptible opponents.
   It can also slow down cold-blooded creatures.
   It affects your strength (+4).
Armour
 b - a +1 pair of gloves (worn)
 d - a +2 cloak (worn)
 i - a +0 pair of boots of stealth (worn)
 E - a +1 robe of cold resistance (worn)
 O - a +1 hat (worn)
Jewellery
 l - an uncursed amulet of guardian spirit
 r - an amulet of magic regeneration (around neck)
 u - an uncursed ring of flight
 H - a ring of see invisible (right hand)
 I - a ring of stealth (left hand)
 N - an uncursed amulet of regeneration {unknown}
Wands
 j - a wand of flame (7)
 k - a wand of scattershot (3)
 m - a wand of acid (10)
 n - a wand of random effects (60)
 G - a wand of polymorph (38)
 L - a wand of digging (10)
Scrolls
 f - 8 scrolls of remove curse
 g - 3 scrolls of blinking
 p - 5 scrolls of identify
 s - 3 scrolls of magic mapping
 y - 3 scrolls of teleportation
 D - a scroll of fog
Potions
 e - 2 potions of agility
 h - 2 potions of might
 o - 4 potions of flight
 q - 2 potions of heal wounds
 t - a potion of curing
 z - 2 potions of brilliance
 A - a potion of mutation
 B - a potion of haste
 J - 2 potions of resistance
 M - a potion of invisibility
Miscellaneous
 x - a phial of floods
Comestibles
 c - 18 rations
 F - 3 chunks of flesh


   Skills:
 + Level 11.4 Fighting
 + Level 15.4 Axes
 + Level 9.5 Armour
 + Level 5.1 Dodging
 + Level 3.1 Stealth


You had 12 spell levels left.
You didn't know any spells.

Dungeon Overview and Level Annotations

Branches:
Dungeon (11/15)            Temple (1/1) D:4            Lair (4/6) D:8
  Swamp (0/4) Lair:3        Snake (0/4) Lair:3          Orc (0/2) D:9

Altars:
Cheibriados
Dithmenos
Fedhas
Hepliaklqana
Nemelex Xobeh
Okawaru
Ru
Vehumet
Xom

Shops:
D:4 *   D:9 [   D:11 (

Annotations:
Lair:3 exclusion: ice statue


Innate Abilities, Weirdness & Mutations

You are resistant to torment.
Your stone body is resilient. (AC +9)
You are immune to poison.
You resist negative energy. (rN+)
You are resistant to electric shocks. (rElec)
You can survive without breathing.
You are immune to petrification.
You are immune to rotting.


Message History

The killer bee closely misses you.
The meliai invokes the aid of its god against you.
Something smites you!
* * * LOW HITPOINT WARNING * * *
The killer bee stings you but does no damage. x2
The queen bee calls on the meliai to defend it!
The meliai goes berserk!
Your ogre hits the killer bee with a giant club!
The meliai hits your ogre with a hand axe!
The meliai stings your ogre but does no damage.
The killer bee stings your ogre!
The meliai hits your ogre with a hand axe!!
Your ogre dies!
Your ogre's corpse disappears in a puff of smoke!
The meliai hits you but does no damage. The meliai closely misses you.
You hear a loud, deep croak!
The killer bee buzzes angrily.
The meliai barely misses you.
The meliai stings you but does no damage.
The meliai hits you with a hand axe!
You die...

######.## ##.# .##
#.......# ###..###.##
#......P# #..........
##......# #.........
#.....### #.........
##.......###.........
#..........+.........
##.....+..#..........
#..@..#####÷........
###..y..# #..........
#.......# ##.[#..+###
#####'§## #........#
#y## #.........##


#yF #..######..# Fyyy ##. ..# .y..# ## ...# .....# .P## You could see a spiny
frog, a queen bee, a meliai (berserk), a bullfrog and 4 killer bees.

Vanquished Creatures
  Gastronok (Lair:1)
  Harold (D:10)
  A fire dragon (D:9)
  Fannar (Lair:1)
  3 two-headed ogres
  Pikel (D:7)
  The ghost of Arctor the Charmwright, a novice GnSk (D:6)
  An ugly thing (D:11)
  The ghost of stinkbear the Skirmisher, a novice HOFi (D:3)
  3 elephants (Lair:3)
  A gargoyle (D:10)
  4 torpor snails (Lair:2)
  8 spiny frogs
  3 komodo dragons
  A rime drake (Lair:2)
  A meliai (Lair:4)
  A troll (D:8)
  A polar bear (Lair:3)
  A hornet (D:11)
  2 blink frogs (Lair:1)
  A hippogriff (D:7)
  A wraith (D:10)
  Sigmund (D:2)
  A wyvern (Lair:4)
  3 hogs (D:7)
  A human (D:7)
  16 yaks
  A hungry ghost (D:11)
  Menkaure (D:7)
  6 water moccasins
  5 sky beasts
  9 porcupines
  11 ice beasts
  3 orc warriors
  A black bear (Lair:3)
  An eye of draining (D:10)
  A slave (D:7)
  5 ogres
  3 phantoms
  7 wolves
  8 centaurs
  6 crocodiles
  16 bullfrogs
  A big kobold (D:10)
  An elf zombie (D:5)
  An elf skeleton (D:5)
  A wyvern skeleton (D:9)
  2 water moccasin skeletons
  4 scorpions
  26 killer bees
  11 wights
  5 electric eels
  4 howler monkeys
  2 bullfrog zombies
  4 crimson imps
  An iron imp (D:9)
  3 jellies
  6 orc priests
  A gnoll shaman (D:8)
  Crazy Yiuf (D:7)
  11 hounds
  A bullfrog skeleton (D:11)
  A centaur skeleton (D:11)
  5 iguanas
  Ijyb (D:3)
  Terence (D:2)
  10 worker ants
  A human skeleton (D:5)
  11 orc wizards
  2 hound zombies
  5 hound skeletons
  A worker ant zombie (D:11)
  8 gnolls
  12 adders
  3 shadow imps
  4 white imps (Lair:3)
  An ooze (D:7)
  An adder zombie (D:9)
  2 worms
  8 dart slugs
  3 leopard geckos
  42 orcs
  5 ball pythons
  8 giant cockroaches
  4 hobgoblins
  14 jackals
  8 kobolds
  4 quokkas
  7 bats
  6 frilled lizards
  5 goblins
  3 orc skeletons (D:5)
  10 rats
  A fungus (Lair:3)
  A plant (Lair:3)
429 creatures vanquished.

Vanquished Creatures (collateral kills)
  3 hydras
  A spiny frog (Lair:4)
  A komodo dragon (Lair:4)
  A blink frog (Lair:1)
  A crocodile (Lair:4)
  A bullfrog (Lair:4)
8 creatures vanquished.

Vanquished Creatures (others)
  A slave (D:7)
  A hound (D:8)
  An orc (D:10)
  A fungus (Lair:1)
4 creatures vanquished.

Grand Total: 441 creatures vanquished

Notes
Turn   | Place    | Note
-------+----------+-------------------------------------------
     0 | D:1      | Fang the Gargoyle Berserker began the quest for the Orb.
     0 | D:1      | Reached XP level 1. HP: 14/14 MP: 1/1
   105 | D:1      | Reached XP level 2. HP: 18/19 MP: 2/2
   109 | D:1      | Reached skill level 3 in Axes
   191 | D:1      | Reached XP level 3. HP: 14/24 MP: 3/3
   514 | D:1      | Reached ** piety under Trog
   761 | D:2      | Reached XP level 4. HP: 27/29 MP: 4/4
   864 | D:2      | Noticed Sigmund
   886 | D:2      | Killed Sigmund
   886 | D:2      | Reached skill level 4 in Axes
   886 | D:2      | Reached XP level 5. HP: 9/34 MP: 5/5
  1241 | D:2      | Reached XP level 6. HP: 35/39 MP: 6/6
  1245 | D:2      | Noticed Terence
  1263 | D:2      | Killed Terence
  1263 | D:2      | Reached skill level 1 in Stealth
  1782 | D:3      | Found a faded altar of an unknown god.
  1842 | D:3      | Reached skill level 5 in Axes
  1873 | D:3      | Noticed Ijyb
  1921 | D:3      | Killed Ijyb
  2073 | D:3      | Noticed stinkbear's ghost (novice HOFi)
  2312 | D:3      | Killed stinkbear's ghost
  2312 | D:3      | Reached skill level 5 in Fighting
  2312 | D:3      | Reached skill level 6 in Axes
  2312 | D:3      | Reached XP level 7. HP: 27/44 MP: 7/7
  2572 | D:3      | Found a shimmering altar of Xom.
  2723 | D:3      | Found a radiant altar of Vehumet.
  2735 | D:3      | Found an iron altar of Okawaru.
  2915 | D:4      | Found Yfiniecog's General Store.
  2924 | D:4      | Bought a +0 pair of boots of stealth for 149 gold pieces
  2957 | D:4      | Reached *** piety under Trog
  2979 | D:4      | Reached XP level 8. HP: 13/50 MP: 8/8
  3492 | D:4      | Found a sparkling altar of Nemelex Xobeh.
  3494 | D:4      | Found a sacrificial altar of Ru.
  3529 | D:4      | Reached skill level 7 in Axes
  3813 | D:4      | Found a staircase to the Ecumenical Temple.
  4053 | Temple   | Entered the Ecumenical Temple
  4100 | D:5      | Entered Level 5 of the Dungeon
  4297 | D:5      | Reached skill level 8 in Axes
  4297 | D:5      | Reached XP level 9. HP: 36/56 MP: 7/9
  4784 | D:5      | Reached **** piety under Trog
  5436 | D:6      | Reached skill level 9 in Axes
  5471 | D:6      | Reached skill level 5 in Armour
  5495 | D:6      | Found a blossoming altar of Fedhas.
  5496 | D:6      | Noticed Arctor's ghost (novice GnSk)
  5898 | D:6      | Killed Arctor's ghost
  5944 | D:6      | HP: 4/85 [ogre/giant spiked club (17)]
  6503 | D:6      | Reached XP level 10. HP: 52/64 MP: 8/10
  6812 | D:7      | Reached ***** piety under Trog
  6925 | D:7      | Reached skill level 10 in Axes
  6960 | D:7      | Noticed Menkaure
  6973 | D:7      | Noticed Pikel
  7439 | D:7      | Found a runed door.
  7492 | D:7      | Killed Pikel
  7666 | D:7      | Found a hazy altar of Hepliaklqana.
  7686 | D:7      | Killed Menkaure
  8446 | D:7      | Noticed Crazy Yiuf
  8460 | D:7      | Killed Crazy Yiuf
  8821 | D:8      | HP: 3/65 [electric eel/bolt of electricity (3)]
  9156 | D:8      | Noticed a two-headed ogre
  9174 | D:8      | Killed a two-headed ogre
  9174 | D:8      | Reached skill level 11 in Axes
  9174 | D:8      | Reached XP level 11. HP: 69/69 MP: 11/11
  9293 | D:8      | Found a staircase to the Lair.
  9961 | D:8      | Found a shadowy altar of Dithmenos.
 10056 | D:9      | Noticed a two-headed ogre
 10067 | D:9      | Killed a two-headed ogre
 10236 | D:9      | Received a gift from Trog
 10237 | D:9      | Found the +8 mithril axe "Arga" {speed, MR+}
 10419 | D:9      | Found a staircase to the Orcish Mines.
 10434 | D:9      | Found Meab's Armour Emporium.
 10775 | D:9      | Noticed a fire dragon
 10788 | D:9      | Killed a fire dragon
 10996 | D:9      | Found a snail-covered altar of Cheibriados.
 11157 | D:10     | Entered Level 10 of the Dungeon
 11458 | D:10     | Reached skill level 12 in Axes
 11735 | D:10     | Noticed Harold
 12009 | D:10     | Killed Harold
 12342 | D:11     | Reached XP level 12. HP: 72/76 MP: 12/12
 12376 | D:11     | Found a sacrificial altar of Ru.
 12396 | D:11     | Found Aclekhlou's Weapon Shop.
 12407 | D:11     | Bought a +5 war axe of flaming for 466 gold pieces
 12447 | D:11     | Reached skill level 13 in Axes
 12551 | D:11     | Received a gift from Trog
 12808 | D:11     | Noticed a two-headed ogre
 12816 | D:11     | Killed a two-headed ogre
 12816 | D:11     | Reached skill level 10 in Fighting
 13084 | Lair:1   | Entered Level 1 of the Lair of Beasts
 13126 | Lair:1   | Found the +10 large shield of Ignorance {rN+ Int-4}
 13452 | Lair:1   | Noticed Gastronok
 13466 | Lair:1   | Killed Gastronok
 13498 | Lair:1   | Noticed Fannar
 13530 | Lair:1   | Killed Fannar
 13530 | Lair:1   | Reached skill level 14 in Axes
 13573 | Lair:1   | Noticed an eight-headed hydra
 13577 | Lair:1   | Killed an eight-headed hydra
 14113 | Lair:2   | Found a snail-covered altar of Cheibriados.
 14459 | Lair:2   | Reached XP level 13. HP: 84/84 MP: 13/13
 15025 | Lair:3   | Found a staircase to the Snake Pit.
 15033 | Lair:3   | Received a gift from Trog
 15038 | Lair:3   | Got a twisted battleaxe {god gift}
 15056 | Lair:3   | Found a staircase to the Swamp.
 15153 | Lair:3   | Reached skill level 15 in Axes
 15917 | Lair:4   | Identified the +3 battleaxe "Teqite Xaga" {freeze, Str+4} (Trog gifted it to you on level 3 of the Lair of Beasts)
 16331 | Lair:4   | Reached skill level 5 in Dodging
 16533 | Lair:4   | HP: 3/84 [meliai/divine providence (9)]
 16535 | Lair:4   | Mangled by a meliai

Skill      XL: |  1  2  3  4  5  6  7  8  9 10 11 12 13 |
---------------+----------------------------------------+-----
Axes           | 3 4 6 8 9 11 12 14 15 | 15.4
Dodging        | 2 3 4 5 |  5.1
Fighting       | 4 5 6 7 8 9 10 11 | 11.4
Stealth        | 1 2 3 |  3.1
Armour         | 3 4 6 8 9 |  9.5

Action                   |  1- 3 |  4- 6 |  7- 9 | 10-12 | 13-15 || total
-------------------------+-------+-------+-------+-------+-------++-------
Melee: Hand axe          |    87 |   178 |   976 |   453 |       ||  1694
       Broad axe         |       |       |       |   384 |   125 ||   509
       Battleaxe         |       |       |       |     2 |    45 ||    47
Invok: Berserk           |     1 |     5 |     4 |    12 |     2 ||    24
       Burn Spellbooks   |       |       |       |     6 |       ||     6
       Brothers in Arms  |       |       |       |     1 |     5 ||     6
  Use: Scroll            |       |       |    10 |     7 |     4 ||    21
       Potion            |       |       |     3 |     2 |       ||     5
 Stab: Sleeping          |       |       |       |       |     1 ||     1
  Eat: Chunk             |       |     9 |    12 |    26 |     5 ||    52
       Ration            |       |       |     2 |     4 |     1 ||     7
Armor: Animal skin       |    42 |    18 |       |       |       ||    60
       Chain mail        |       |    75 |   604 |   407 |       ||  1086
       Fire dragon scale |       |       |       |   117 |       ||   117
       Robe              |       |       |       |    14 |    97 ||   111
Dodge: Dodged            |    82 |    84 |   315 |   344 |   103 ||   928
